 Dungeon Crawl Stone Soup version 0.31.0-11-ge490571c62 (webtiles) character file.

Game seed: 8532612009134835775

517 night the Insei (level 6, -2/75 HPs)
             Began as a Demigod Shapeshifter on Jan 27, 2024.
             Slain by an ice beast (5 damage)
             ... on level 5 of the Dungeon.
             The game lasted 00:09:14 (4575 turns).

night the Insei (Demigod Shapeshifter)              Turns: 4575, Time: 00:09:15

Health: -2/75      AC: 15    Str: 21    XL:     6   Next: 68%
Magic:  8/8        EV:  2    Int: 12    God:
Gold:   197        SH:  0    Dex: 21    Spells: 5/5 levels left

rFire   . .          .
                       - Unarmed
rCold   . . .        (no shield)
rNeg    . . .        j - melded +0 scale mail
rPois   +            (helmet currently unavailable)
rElec   .            m - melded +0 cloak
rCorr   .            (gloves currently unavailable)
SInv    .            (boots currently unavailable)
Will    .....        (no amulet)
Stlth   ++           e - +6 ring of strength
HPRegen 0.32/turn    (no ring)
MPRegen 0.11/turn

%: no passive effects
@: tree-form, corroded, attractive
A: stationary, stasis, torment immunity, boosted hp, high MP 1, forlorn, divine
attributes
a: no special abilities


You were on level 5 of the Dungeon.
You were a tree.
You visited 1 branch of the dungeon, and saw 6 of its levels.

You collected 197 gold pieces.

Inventory:

Missiles
 h - 60 stones (quivered)
 p - 3 poisoned darts
Armour
 a - a +0 animal skin
 j - a +0 scale mail (melded)
 m - a +0 cloak (melded)
Jewellery
 e - a +6 ring of strength (left branch)
Talismans
 c - a beast talisman (active)
 d - a flux talisman
Scrolls
 g - a scroll of enchant armour {unknown}
 i - a scroll of vulnerability {unknown}
 l - 2 scrolls of revelation
 n - a scroll of amnesia {unknown}
 o - a scroll of fog {unknown}


   Skills:
 + Level 2.7 Fighting
 + Level 3.2 Dodging
 + Level 2.5 Stealth
 * Level 4.8 Unarmed Combat
 + Level 3.6 Shapeshifting


You had 5 spell levels left.
You didn't know any spells.
Your spell library contained the following spells:

 Spells                   Type           Power      Damage    Failure   Level
 Sublimation of Blood     Necr           0%         N/A       45%         2
 Petrify                  Alch/Erth      0%         N/A       97%         4
 Irradiate                Conj/Alch      0%         3d11      100%        5


Dungeon Overview and Level Annotations

Branches:
Dungeon (6/15)
 Temple: D:4-7

Shops:
D:3 :

Annotations:
D:6 Sigmund


Innate Abilities, Weirdness & Mutations

You are a tree.
Your roots penetrate the ground, keeping you stationary.
You cannot be teleported.
You are immune to unholy pain and torment.
Your maximum health is greatly increased.
Your equipment is partially melded.
You have an increased reservoir of magic. (+10% MP)
You shall have no god before yourself.
Your divine heritage dramatically boosts your attributes as you level up.


Message History

* * * LOW HITPOINT WARNING * * *
The jelly hits you but does no damage.
You hit the sleepcap.
The sleepcap is almost destroyed.
The ice beast hits you but does no damage.
The sleepcap releases spores at you but does no damage.
You hit the sleepcap but do no damage.
The sleepcap is almost destroyed.
The jelly hits you but does no damage. The ice beast barely misses you.
The sleepcap releases spores at you but does no damage.
You hit the sleepcap.
You destroy the sleepcap!
The jelly jiggles.
The jelly hits you but does no damage.
The ice beast hits you but does no damage.
You completely miss the jelly. The jelly hits you but does no damage.
The ice beast hits you.
* * * LOW HITPOINT WARNING * * *
The ice beast freezes you.
* * * LOW HITPOINT WARNING * * *
You hit the jelly. The acid corrodes you!
Your branches burn!
* * * LOW HITPOINT WARNING * * *
The jelly is moderately wounded.
The jelly completely misses you.
The ice beast hits you but does no damage.
You hit the jelly.
Your branches burn!
* * * LOW HITPOINT WARNING * * *
The jelly is severely wounded.
The jelly hits you but does no damage. The ice beast completely misses you.
You hit the jelly.
Your branches burn!
* * * LOW HITPOINT WARNING * * *
The jelly is almost dead.
The jelly hits you but does no damage.
The ice beast hits you but does no damage.
You barely miss the jelly.
The jelly is almost dead.
The jelly hits you but does no damage. The ice beast hits you.
* * * LOW HITPOINT WARNING * * *
The ice beast freezes you.
You die...

##......## ##..#
#.... #.......# #####
#..## #<... ##...†.##
##...######..# #....
#.....#
###.......##..##
#....##
##......†...#.##
##..##
##.............#
##.##
#.............##
##.###.........Y.J..#
#..#...........♣..##
##.#.............##
#............#.##
##...[...####..#
##....#### #.##
##..##..... ..
##..#######. ..#
##..###########.
#..####........


You could see an ice beast and a jelly.

Vanquished Creatures
  A scorpion (D:4)
  A hound (D:4)
  2 orc priests
  Jessica (D:2)
  A sleepcap (D:5)
  An iguana (D:5)
  3 orc wizards
  9 adders
  A dart slug (D:5)
  3 ribbon worms
  20 orcs
  10 ball pythons
  10 bats
  6 endoplasms
  2 giant cockroaches
  4 goblins
  2 hobgoblins
  10 jackals
  6 quokkas
  3 frilled lizards
  11 kobolds
  6 rats
113 creatures vanquished.

Notes
Turn   | Place    | Note
-------+----------+-------------------------------------------
     0 | D:1      | night the Demigod Shapeshifter began the quest for the Orb.
     0 | D:1      | Reached XP level 1. HP: 15/15 MP: 3/3
    97 | D:1      | Reached skill level 1 in Fighting
   147 | D:1      | Reached XP level 2. HP: 19/23 MP: 4/4
   185 | D:1      | Reached skill level 2 in Dodging
   279 | D:1      | Reached skill level 3 in Unarmed Combat
   737 | D:1      | Reached XP level 3. HP: 25/28 MP: 5/5
   940 | D:1      | Reached skill level 1 in Stealth
  1144 | D:2      | Identified the +0 pair of boots "Doufuuti" {Harm rF+ Str+2
                  | Stlth+}
  1906 | D:2      | Noticed Jessica
  1908 | D:2      | Reached XP level 4. HP: 35/35 MP: 6/6
  1920 | D:2      | Killed Jessica
  2203 | D:3      | Found Cadaevaink's Vocational Training.
  2783 | D:3      | Reached XP level 5. HP: 27/41 MP: 7/7
  3144 | D:3      | Reached skill level 2 in Fighting
  3217 | D:3      | Reached skill level 4 in Unarmed Combat
  3701 | D:4      | Reached skill level 2 in Stealth
  3816 | D:4      | Reached XP level 6. HP: 42/50 MP: 8/8
  4352 | D:4      | You fall into a shaft and drop 2 floors!
  4355 | D:6      | Noticed Sigmund
  4373 | D:5      | Entered Level 5 of the Dungeon
  4572 | D:5      | HP: 10/75 [acid (3)]
  4575 | D:5      | HP: 3/75 [ice beast (3)]
  4575 | D:5      | Slain by an ice beast

Illustrated notes

Levels and vault maps discovered:
D:1:      kilobyte_arrival_exit_the_forest, layout_basic
D:2:      minmay_chambers_of_twos, layout_loops_ring, basic_altar, uniq_jessica
D:3:      layout_basic, nicolae_shop_vocational
D:4:      cheibrodos_pilgrimage, layout_gridville, lemuel_tele_altar,
          serial_shops, nicolae_shop_hallway_plus, nicolae_half_adder
D:5:      layout_cave_pods, uniq_pikel
D:6:      layout_rooms, minmay_temple_entry_large_hall, uniq_jeremiah,
          uniq_duvessa, uniq_sigmund

Skill      XL: |  1  2  3  4  5 |
---------------+----------------+-----
Fighting       | 1 2 |  2.7
Dodging        | 2 3 |  3.2
Unarmed Combat | 3 4 |  4.8
Stealth        | 1 2 |  2.5
Shapeshifting  | 3 |  3.6

Action                     |  1- 3 |  4- 6 || total
---------------------------+-------+-------++-------
  Melee: Unarmed           |   145 |   240 ||   385
         Punch             |     2 |    12 ||    14
Ability: Begin Untransform |       |     1 ||     1
    Use: Scroll            |       |     3 ||     3
         Potion            |       |     3 ||     3
   Stab: Sleeping          |     3 |       ||     3
 Armour: Animal skin       |    74 |       ||    74
         Scale mail        |     7 |   154 ||   161
         Skin              |       |    21 ||    21
  Dodge: Dodged            |    91 |   121 ||   212
   Form: Beast             |       |     2 ||     2
